 Dungeon Crawl Stone Soup version 0.24-a0-416-g56ce5178b7 (webtiles) character file.

Game seed: 14150044438690781892

403006 theanonym the Devastator (level 22, -4/140 HPs)
             Began as a Deep Elf Conjurer on June 8, 2019.
             Was the Champion of Vehumet.
             Killed from afar by Margery (31 damage)
             ... with a bolt of fire
             ... on level 4 of the Vaults on June 9, 2019.
             The game lasted 03:37:24 (67619 turns).

theanonym the Devastator (Deep Elf Conjurer)       Turns: 67619, Time: 03:37:25

Health: -4/140     AC: 17    Str:  8    XL:     22   Next: 59%
Magic:  6/52       EV: 25    Int: 46    God:    Vehumet [******]
Gold:   3361       SH:  9    Dex: 15    Spells: 4/51 levels left

rFire    + . .     SeeInvis .   a - staff of conjuration
rCold    + . .     Gourm    .   R - +2 buckler {rC+ rF+}
rNeg     . . .     Faith    .   S - +3 robe of Folly {Archmagi, MR-- Int+5}
rPois    +         Spirit   .   A - +0 helmet
rElec    +         Reflect  .   D - +2 cloak {rPois}
rCorr    .         Harm     .   T - +2 pair of gloves {Str+3}
MR       .....                  J - +2 pair of boots {run}
Stlth    ++........             L - amulet of Moodiness {+Rage rElec Int+5}
HPRegen  0.33/turn              l - +5 ring of intelligence
MPRegen  0.33/turn              E - ring of magical power

@: about to teleport, marked, studying Dodging, quick
A: no striking features
}: 1/15 runes: gossamer
a: Renounce Religion, Evoke Berserk Rage


   Skills:
 - Level 15.0 Fighting
 - Level 10.0 Armour
 + Level 18.2 Dodging
 - Level 2.4 Stealth
 - Level 12.4 Shields
 - Level 15.0 Spellcasting
 + Level 18.6 Conjurations
   Level 6.0 Hexes
 - Level 6.0 Charms
 - Level 6.0 Necromancy
 - Level 4.0 Translocations
 * Level 18.3 Ice Magic
 - Level 6.0 Air Magic
 - Level 6.0 Earth Magic
 - Level 5.0 Poison Magic


You had 4 spell levels left.
You knew the following spells:

 Your Spells              Type           Power        Failure   Level  Hunger
a - Iron Shot             Conj/Erth      ########..   1%          6    None
b - Bolt of Cold          Conj/Ice       #########.   1%          6    None
c - Glaciate              Conj/Ice       #########.   11%         9    ######.
d - Throw Frost           Conj/Ice       ######       0%          2    None
e - Airstrike             Air            #######...   1%          4    None
f - Freezing Cloud        Conj/Ice/Air   #########.   1%          6    None
g - Ozocubu's Armour      Chrm/Ice       ########     0%          3    None
i - Magic Dart            Conj           ####         0%          1    None
l - Blink                 Tloc           N/A          1%          2    None
p - Olgreb's Toxic Radia  Pois           #######.     1%          4    None
q - Apportation           Tloc           ######       1%          1    None
r - Regeneration          Chrm/Necr      #######...   1%          3    None

Your spell library contained the following spells:

 Spells                   Type           Power        Failure   Level  Hunger
 Chain Lightning          Conj/Air       ########..   9%          8    ####...
 Ignition                 Fire           ######....   100%        8    ####...
 Freeze                   Ice            ####         0%          1    None
 Sting                    Conj/Pois      ####         0%          1    None
 Ensorcelled Hibernation  Hex/Ice        ######       0%          2    None
 Searing Ray              Conj           ######       0%          2    None
 Dazzling Spray           Conj/Hex       ######       0%          3    None
 Iskenderun's Mystic Bla  Conj           ########     0%          4    None
 Throw Icicle             Conj/Ice       ########     0%          4    None
 Animate Skeleton         Necr           N/A          1%          1    None
 Beastly Appendage        Tmut           ######       1%          1    None
 Confusing Touch          Hex            ######       1%          1    None
 Corona                   Hex            #######      1%          1    None
 Pain                     Necr           ####         1%          1    None
 Summon Butterflies       Summ           ######..     1%          1    None
 Call Imp                 Summ           ######..     1%          2    None
 Passwall                 Tmut/Erth      #######.     1%          2    None
 Poisonous Vapours        Pois/Air       ######       1%          2    None
 Shroud of Golubria       Chrm/Tloc      ######       1%          2    None
 Slow                     Hex            #######.     1%          2    None
 Sticks to Snakes         Tmut           ######..     1%          2    None
 Swiftness                Chrm/Air       #######.     1%          2    None
 Call Canine Familiar     Summ           ######..     1%          3    None
 Confuse                  Hex            #######.     1%          3    None
 Conjure Flame            Conj/Fire      ########     1%          3    None
 Gell's Gravitas          Tloc           #######...   1%          3    None
 Ignite Poison            Fire/Tmut/Pois ######..     1%          3    None
 Inner Flame              Hex/Fire       #######.     1%          3    None
 Lesser Beckoning         Tloc           #######...   1%          3    None
 Mephitic Cloud           Conj/Pois/Air  ########     1%          3    None
 Portal Projectile        Hex/Tloc       ######       1%          3    None
 Recall                   Summ/Tloc      N/A          1%          3    None
 Spider Form              Tmut/Pois      ######....   1%          3    None
 Summon Guardian Golem    Hex/Summ       #######.     1%          3    None
 Tukima's Dance           Hex            #######.     1%          3    None
 Vampiric Draining        Necr           #######...   1%          3    None
 Animate Dead             Necr           N/A          1%          4    None
 Cause Fear               Hex            #######...   1%          4    None
 Force Lance              Conj/Tloc      ########     1%          4    None
 Fulminant Prism          Conj/Hex       ########..   1%          4    None
 Ice Form                 Ice/Tmut       ########     1%          4    None
 Leda's Liquefaction      Hex/Erth       #######...   1%          4    None
 Passage of Golubria      Tloc           N/A          1%          4    None
 Petrify                  Tmut/Erth      #######.     1%          4    None
 Summon Ice Beast         Ice/Summ       ########     1%          4    None
 Summon Lightning Spire   Summ/Air       #######.     1%          4    None
 Bolt of Magma            Conj/Fire/Erth ########..   1%          5    None
 Borgnjor's Vile Clutch   Necr/Erth      #######...   1%          5    None
 Lee's Rapid Deconstruct  Erth           #######...   1%          5    None
 Metabolic Englaciation   Hex/Ice        ########..   1%          5    None
 Silence                  Hex/Air        #######...   1%          5    None
 Venom Bolt               Conj/Pois      ########..   1%          5    None
 Yara's Violent Unravell  Hex/Tmut       #######...   1%          5    None
 Conjure Ball Lightning   Conj/Air       ########..   1%          6    None
 Ozocubu's Refrigeration  Ice            ########..   1%          6    None
 Simulacrum               Ice/Necr       ########..   1%          6    None
 Summon Mana Viper        Hex/Summ       #######.     5%          5    None
 Alistair's Intoxication  Tmut/Pois      ######..     7%          5    None
 Summon Forest            Summ/Tloc      ######....   9%          5    None
 Darkness                 Hex            #######...   9%          6    None
 Death Channel            Necr           #######...   9%          6    None
 Deflect Missiles         Chrm/Air       #######...   9%          6    None
 Invisibility             Hex            #######.     9%          6    None
 Aura of Abjuration       Summ           ######....   19%         5    None
 Blade Hands              Tmut           ######....   19%         5    None
 Summon Demon             Summ           ######....   19%         5    None
 Dispersal                Tloc           #######...   21%         6    None
 Statue Form              Tmut/Erth      #######..    30%         6    None
 Hydra Form               Tmut           ######....   71%         6    None
 Shadow Creatures         Summ           N/A          71%         6    None
 Malign Gateway           Summ/Tloc      ######....   95%         7    #......
 Discord                  Hex            #######...   98%         8    ####...
 Monstrous Menagerie      Summ           ######....   99%         7    #......
 Summon Greater Demon     Summ           ######....   99%         7    #......
 Summon Hydra             Summ           ######....   99%         7    #......
 Summon Horrible Things   Summ           ######....   100%        8    ####...
 Shatter                  Erth           #######...   100%        9    ######.
 Tornado                  Air            #######...   100%        9    ######.

Skill      XL: |  1  2  3  4  5  6  7  8  9 10 11 12 13 14 15 16 17 18 19 20 21 22 |
---------------+-------------------------------------------------------------------+-----
Spellcasting   | 4 5 6 8 10 11 12 13 14 15 | 15.0
Conjurations   | 5 6 7 9 10 11 12 13 15 16 18 | 18.6
Dodging        | 8 9 10 12 14 15 16 18 | 18.2
Armour         | 4 5 7 9 10 | 10.0
Ice Magic      | 4 8 10 12 14 15 16 18 | 18.3
Fighting       | 2 4 6 8 9 11 12 13 15 | 15.0
Charms         | 3 6 |  6.0
Translocations | 3 4 |  4.0
Hexes          | 2 5 6 |  6.0
Poison Magic   | 4 5 |  5.0
Air Magic      | 1 6 |  6.0
Shields        | 4 7 11 12 | 12.4
Necromancy     | 2 6 |  6.0
Earth Magic    | 4 6 |  6.0
Stealth        | |  2.4

Action                   |  1- 3 |  4- 6 |  7- 9 | 10-12 | 13-15 | 16-18 | 19-21 | 22-24 || total
-------------------------+-------+-------+-------+-------+-------+-------+-------+-------++-------
Melee: Dagger            |    12 |       |    13 |    26 |       |       |       |       ||    51
       Staff             |       |       |       |     2 |     2 |     1 |     6 |     3 ||    14
Throw: Throwing net      |       |       |       |     4 |     2 |     1 |       |       ||     7
 Cast: Magic Dart        |    73 |   143 |   149 |   199 |     6 |       |       |       ||   570
       Iskenderun's Myst |       |    15 |    56 |   157 |    85 |    11 |       |       ||   324
       Force Lance       |       |       |     1 |     6 |       |       |       |       ||     7
       Dazzling Spray    |       |       |     1 |     2 |       |       |       |       ||     3
       Throw Icicle      |       |       |       |    88 |   205 |   115 |       |       ||   408
       Ozocubu's Armour  |       |       |       |     2 |    12 |     8 |     4 |       ||    26
       Metabolic Englaci |       |       |       |     1 |    41 |    11 |       |       ||    53
       Throw Frost       |       |       |       |       |   175 |   102 |     7 |       ||   284
       Bolt of Cold      |       |       |       |       |   196 |   355 |   420 |    90 ||  1061
       Olgreb's Toxic Ra |       |       |       |       |    46 |   110 |    40 |    12 ||   208
       Freezing Cloud    |       |       |       |       |     3 |   111 |    82 |    30 ||   226
       Airstrike         |       |       |       |       |       |    36 |    98 |       ||   134
       Iron Shot         |       |       |       |       |       |    39 |   129 |    30 ||   198
       Regeneration      |       |       |       |       |       |     7 |    12 |     4 ||    23
       Blink             |       |       |       |       |       |     5 |     3 |       ||     8
Evoke: Wand              |       |       |     1 |     1 |    15 |     4 |     7 |     4 ||    32
       Lamp of fire      |       |       |       |       |       |     1 |     2 |       ||     3
       Phantom mirror    |       |       |       |       |       |       |     1 |     1 ||     2
       Box of beasts     |       |       |       |       |       |       |     4 |       ||     4
       Phial of floods   |       |       |       |       |       |       |       |     1 ||     1
  Use: Scroll            |       |       |    21 |     5 |    17 |    26 |    12 |     1 ||    82
       Potion            |       |       |     2 |     1 |     1 |     3 |    13 |     1 ||    21
 Stab: Held in net/web   |       |       |       |     1 |       |       |       |       ||     1
  Eat: Chunk             |     1 |     7 |     8 |    15 |    42 |    36 |    26 |     4 ||   139
       Ration            |       |     1 |     2 |     3 |    12 |    15 |     7 |     1 ||    41
Armor: Leather armour    |       |     2 |     4 |    40 |    47 |    45 |       |       ||   138
       Robe              |       |       |       |       |     5 |    33 |    47 |     7 ||    92
       Skin              |       |       |       |       |       |       |     1 |       ||     1
Dodge: Dodged            |    12 |    15 |    44 |   108 |   187 |   280 |   203 |    38 ||   887
Block: Buckler           |       |       |       |       |       |    72 |    25 |    29 ||   126
       Shield            |       |       |       |       |       |       |   114 |       ||   114
       Reflection        |       |       |       |       |       |       |    16 |       ||    16

Inventory:

Hand Weapons
 c - the +3 Elemental Staff {rElec rF++ rC++ MR++ AC+5}

   It affects your AC (+5).
   It greatly protects you from fire.
   It greatly protects you from cold.
   It insulates you from electricity.
   It affects your resistance to hostile enchantments.
Armour
 g - the +1 leather armour of Vimomn {Int+4 SInv}

   It affects your intelligence (+4).
   It lets you see invisible.
 k - a +3 troll leather armour {Snorg}
 p - a +2 shield of reflection
 A - a +0 helmet (worn)
 D - a +2 cloak of poison resistance (worn)
 J - a +2 pair of boots of running (worn)
 R - a +2 buckler of resistance (worn)
 S - the +3 robe of Folly (worn) {Archmagi, MR-- Int+5}

   It affects your intelligence (+5).
   It affects your resistance to hostile enchantments.
 T - a +2 pair of gloves of strength (worn)
Magical Staves
 a - an uncursed staff of conjuration (weapon)
 b - an uncursed staff of power
Jewellery
 l - a +5 ring of intelligence (left hand)
 o - an uncursed ring of poison resistance
 E - a ring of magical power (right hand)
 F - the ring "Rylosh" {rF+ rC+ Dex+2 Stlth-}

   [ring of attention]

   It affects your dexterity (+2).
   It protects you from fire.
   It protects you from cold.
   It makes you less stealthy.
 L - the amulet of Moodiness (around neck) {+Rage rElec Int+5}

   [amulet of rage]

   It affects your intelligence (+5).
   It insulates you from electricity.
   It lets you go berserk.
 P - an uncursed ring of protection from cold
 V - an uncursed ring of see invisible
 W - an uncursed amulet of magic regeneration
Wands
 d - a wand of digging (7)
 u - a wand of iceblast (11)
 v - a wand of acid (4)
Scrolls
 f - 5 scrolls of fog
 i - 4 scrolls of immolation
 n - 7 scrolls of remove curse
 r - 10 scrolls of identify
 t - 4 scrolls of teleportation
 y - 2 scrolls of magic mapping
 B - a scroll of blinking
 G - 4 scrolls of fear
 H - a scroll of holy word
 Y - a scroll of amnesia
Potions
 h - 4 potions of haste
 j - 2 potions of agility
 q - 3 potions of heal wounds
 s - 7 potions of invisibility
 w - 10 potions of curing
 x - 6 potions of brilliance
 z - 2 potions of cancellation
 I - 2 potions of magic
 K - 6 potions of ambrosia
 M - 6 potions of mutation
 Q - 3 potions of resistance
 U - a potion of lignification
 Z - 9 potions of flight
Books
 C - a manual of Dodging
Miscellaneous
 N - a lamp of fire
 O - a phial of floods (inert)
 X - a phantom mirror
Comestibles
 e - 41 rations
 m - 18 chunks of flesh


You were on level 4 of the Vaults.
You worshipped Vehumet.
Vehumet was exalted by your worship.
You were not hungry.

You visited 8 branches of the dungeon, and saw 39 of its levels.
You visited the Abyss 1 time.
You also visited: Ice Cave, Volcano and Desolation.

You collected 6029 gold pieces.
You spent 2668 gold pieces at shops.

Dungeon Overview and Level Annotations

Branches:
Dungeon (15/15)            Temple (1/1) D:7            Lair (6/6) D:10
  Swamp (4/4) Lair:2       Spider (4/4) Lair:3        Slime (0/5) Lair:5
    Orc (2/2) D:11            Elf (3/3) Orc:2        Vaults (4/5) D:13
  Crypt (0/3) Vaults:3     Depths (0/5) D:15

Altars:
Ashenzari
Cheibriados
Dithmenos
Elyvilon
Fedhas
Gozag
Hepliaklqana
Kikubaaqudgha
Makhleb
Nemelex Xobeh
Okawaru
Qazlal
Ru
Sif Muna
Trog
Uskayaw
Vehumet
Wu Jian
Xom
Yredelemnul
Zin
The Shining One
Beogh
Jiyva

Shops:
D:6 ![   Orc:2 [=([   Elf:2 !   Vaults:1 :

Portals:
Trove: D:11 (give 2 scrolls of acquirement)

Annotations:
D:14 2 transporters, exclusion: silent spectre
Vaults:4 Margery

#......######### #...#
#......#.......## #..#
#......#..s@..s.## #.
#......#).8......#
#......p..#####..# #.
#......#.##...##Z###.#
#......###....##..##.#
#......###....##Z.##.#####
#......##@.#####..##......
#......##..####..###......
#......###.§##...# #......
#......# #.§@8s.####......
#......#####≈≈#####.......
#.......## #### ##...#####
#........########....'....
#....................#....
#....................#....


You could see Margery and a crystal guardian.

Notes
Turn   | Place    | Note
-------+----------+-------------------------------------------
     0 | D:1      | theanonym the Deep Elf Conjurer began the quest for the
                  | Orb.
     0 | D:1      | Reached XP level 1. HP: 10/10 MP: 6/6
    92 | D:1      | Reached XP level 2. HP: 15/15 MP: 1/8
   515 | D:1      | Reached skill level 4 in Spellcasting
   639 | D:1      | Reached skill level 5 in Conjurations
   639 | D:1      | Reached XP level 3. HP: 19/19 MP: 5/10
   756 | D:1      | Found an iron altar of Okawaru.
  1393 | D:2      | Reached XP level 4. HP: 24/24 MP: 6/12
  1635 | D:2      | Reached skill level 5 in Spellcasting
  2113 | D:3      | Learned a level 4 spell: Iskenderun's Mystic Blast
  2248 | D:3      | Reached XP level 5. HP: 28/28 MP: 9/14
  2326 | D:3      | Reached skill level 6 in Conjurations
  3253 | D:4      | Noticed an ogre
  3257 | D:4      | Killed an ogre
  3257 | D:4      | Reached skill level 6 in Spellcasting
  3257 | D:4      | Reached XP level 6. HP: 32/32 MP: 2/17
  3413 | D:4      | Reached skill level 7 in Conjurations
  3988 | D:5      | Entered Level 5 of the Dungeon
  4237 | D:5      | Found a transporter.
  4240 | D:5      | Noticed Borgoz's ghost (novice GrMo)
  4263 | D:5      | Noticed a sky beast
  4287 | D:5      | Killed a sky beast
  4287 | D:5      | Reached XP level 7. HP: 28/36 MP: 0/19
  4456 | D:5      | Noticed Blork the orc
  4458 | D:5      | Killed Blork the orc
  4458 | D:5      | Reached skill level 7 in Spellcasting
  4458 | D:5      | Reached skill level 8 in Conjurations
  4849 | D:5      | Found a transporter.
  5498 | D:5      | Learned a level 3 spell: Dazzling Spray
  5501 | D:6      | Reached skill level 9 in Conjurations
  5502 | D:6      | Noticed Eustachio
  5507 | D:5      | Reached skill level 8 in Spellcasting
  5507 | D:5      | Reached XP level 8. HP: 32/41 MP: 6/22
  5758 | D:6      | Noticed a two-headed ogre
  5763 | D:6      | Killed a two-headed ogre
  5763 | D:6      | Reached skill level 9 in Spellcasting
  5763 | D:6      | Reached skill level 10 in Conjurations
  5764 | D:6      | Noticed Menkaure
  5814 | D:6      | Reached skill level 10 in Spellcasting
  5814 | D:6      | Reached XP level 9. HP: 25/45 MP: 0/25
  5966 | D:6      | Killed Eustachio
  5966 | D:6      | Reached skill level 3 in Dodging
  6093 | D:5      | Reached skill level 4 in Dodging
  6257 | D:6      | Reached skill level 5 in Dodging
  6463 | D:6      | Killed Menkaure
  6463 | D:6      | Reached skill level 6 in Dodging
  6782 | D:6      | Identified the +4 spear "Didghiewk" {antimagic, rF+} (You
                  | found it on level 6 of the Dungeon)
  6897 | D:6      | Found a sacrificial altar of Ru.
  6941 | D:6      | Found a runed translucent door.
  7131 | D:6      | Found Udiur's Armour Boutique.
  7178 | D:6      | Found Nuta's Distillery.
  7275 | D:6      | Noticed Stiffzip's ghost (novice HaHu)
  7319 | D:6      | Bought the +1 leather armour of Vimomn {Int+4 SInv} for 345
                  | gold pieces
  7331 | D:6      | Bought a +1 pair of boots for 149 gold pieces
  7372 | D:7      | Noticed Harold
  7381 | D:7      | Killed Harold
  7381 | D:7      | Reached skill level 3 in Armour
  7381 | D:7      | Reached skill level 7 in Dodging
  7561 | D:7      | Noticed Duvessa
  7567 | D:7      | Noticed Duvessa
  7567 | D:7      | Duvessa changed into Duvessa the acid dragon
  7569 | D:7      | Killed Duvessa the acid dragon
  7673 | D:7      | Reached skill level 8 in Dodging
  7773 | D:7      | Reached skill level 4 in Armour
  7796 | D:7      | Learned a level 4 spell: Force Lance
  8082 | D:7      | Found a staircase to the Ecumenical Temple.
  8118 | Temple   | Entered the Ecumenical Temple
  8301 | D:7      | Noticed a +0 dagger
  8301 | D:7      | Noticed a -3 dagger
  8302 | D:7      | Found a hide-covered altar of Uskayaw.
  8365 | D:7      | Reached XP level 10. HP: 50/50 MP: 13/26
  8442 | D:7      | Found a blossoming altar of Fedhas.
  8537 | D:7      | Noticed Dowan
  8725 | D:7      | Noticed Dowan
  8725 | D:7      | Dowan changed into Dowan the worker ant
  8727 | D:7      | Killed Dowan the worker ant
  9342 | D:8      | Reached skill level 5 in Armour
  9474 | D:8      | Identified Zariergh's Grimoire of Shape Shifting and
                  | Creation
  9481 | D:8      | Learned a level 4 spell: Throw Icicle
  9841 | D:8      | Reached skill level 9 in Dodging
  9841 | D:8      | Reached skill level 1 in Ice Magic
 10003 | D:8      | Reached skill level 1 in Fighting
 10172 | D:9      | Noticed a two-headed ogre
 10175 | D:9      | HP: 24/52 [two-headed ogre/+0 giant club (18)]
 10511 | D:9      | Found a hazy altar of Hepliaklqana.
 10615 | D:9      | Reached skill level 2 in Ice Magic
 10738 | D:9      | Learned a level 3 spell: Ozocubu's Armour
 10751 | D:9      | Found a bloodstained altar of Trog.
 10753 | D:9      | Found a radiant altar of Vehumet.
 10808 | D:9      | Killed a two-headed ogre
 10808 | D:9      | Reached skill level 2 in Fighting
 10808 | D:9      | Reached skill level 2 in Charms
 10808 | D:9      | Reached skill level 1 in Translocations
 11082 | D:9      | Reached skill level 3 in Ice Magic
 11216 | D:9      | Learned a level 5 spell: Metabolic Englaciation
 11228 | D:9      | Reached skill level 2 in Translocations
 11345 | D:9      | Reached skill level 3 in Charms
 11412 | D:9      | Reached skill level 1 in Hexes
 11609 | D:9      | Became a worshipper of Vehumet
 11845 | D:10     | Entered Level 10 of the Dungeon
 12236 | D:10     | You fall into a shaft and drop 3 floors!
 12271 | D:12     | Reached skill level 4 in Ice Magic
 12304 | D:12     | Noticed a two-headed ogre
 12309 | D:12     | Killed a two-headed ogre
 12309 | D:12     | Reached skill level 2 in Hexes
 12309 | D:12     | Reached skill level 3 in Translocations
 12309 | D:12     | Reached XP level 11. HP: 59/59 MP: 22/27
 12313 | D:12     | Reached skill level 3 in Fighting
 12617 | D:12     | Reached skill level 10 in Dodging
 12618 | D:12     | Noticed an unseen horror
 12623 | D:12     | Killed an unseen horror
 12623 | D:12     | Reached skill level 5 in Ice Magic
 12803 | D:12     | Noticed a two-headed ogre
 12807 | D:12     | Killed a two-headed ogre
 12807 | D:12     | Reached * piety under Vehumet
 12807 | D:12     | Offered knowledge of Flame Tongue by Vehumet.
 12807 | D:12     | Reached skill level 3 in Hexes
 12995 | D:11     | Noticed a death knight
 12995 | D:11     | Noticed a brown ugly thing
 13016 | D:12     | Killed a death knight
 13016 | D:12     | Reached skill level 4 in Translocations
 13145 | D:11     | Killed a brown ugly thing
 13145 | D:11     | Reached skill level 4 in Hexes
 13145 | D:11     | Reached skill level 6 in Ice Magic
 13307 | D:10     | You fall into a shaft and drop 1 floor!
 13307 | D:11     | Noticed an unseen horror
 13310 | D:11     | Killed an unseen horror
 13310 | D:11     | Reached skill level 4 in Fighting
 13332 | D:11     | Reached skill level 5 in Hexes
 13332 | D:11     | Reached skill level 7 in Ice Magic
 13663 | D:11     | Found a portal to a secret trove of treasure.
 13679 | D:11     | Noticed a green ugly thing
 13683 | D:11     | Killed a green ugly thing
 13683 | D:11     | Reached skill level 11 in Conjurations
 13782 | D:11     | Noticed a purple ugly thing
 13794 | D:11     | Killed a purple ugly thing
 14100 | D:11     | Offered knowledge of Shock by Vehumet.
 14108 | D:11     | Reached ** piety under Vehumet
 14149 | D:11     | Found a staircase to the Orcish Mines.
 14825 | D:10     | Reached skill level 8 in Ice Magic
 14968 | D:10     | Offered knowledge of Throw Flame by Vehumet.
 15118 | D:10     | Reached *** piety under Vehumet
 15410 | D:10     | Found a staircase to the Lair.
 15998 | D:11     | Reached XP level 12. HP: 68/68 MP: 27/28
 16390 | D:12     | Reached skill level 5 in Fighting
 16438 | D:12     | Offered knowledge of Stone Arrow by Vehumet.
 16448 | D:12     | Reached skill level 9 in Ice Magic
 16592 | D:12     | Reached skill level 6 in Fighting
 16592 | D:12     | Reached skill level 11 in Spellcasting
 16592 | D:12     | Reached skill level 12 in Conjurations
 16592 | D:12     | Reached skill level 10 in Ice Magic
 16592 | D:12     | Reached XP level 13. HP: 74/74 MP: 30/30
 16729 | D:12     | Noticed Rupert
 16737 | D:12     | HP: 24/74 [Rupert/+7 great sword of slicing (29)]
 16738 | D:12     | Killed Rupert
 16738 | D:12     | Reached skill level 12 in Spellcasting
 16997 | D:12     | Reached skill level 11 in Ice Magic
 17312 | Lair:1   | Entered Level 1 of the Lair of Beasts
 17392 | Lair:1   | Learned a level 2 spell: Throw Frost
 18236 | Lair:2   | Found a dark tunnel.
 18326 | Volcano  | Entered a volcano
 18492 | Volcano  | Reached **** piety under Vehumet
 18492 | Volcano  | Paralysed by a wizard for 6 turns
 18689 | Volcano  | Reached skill level 12 in Ice Magic
 18693 | Volcano  | Reached skill level 7 in Fighting
 18992 | Lair:2   | Noticed Fannar
 19000 | Lair:2   | Killed Fannar
 19210 | Lair:2   | Found a staircase to the Swamp.
 19213 | Lair:2   | Reached skill level 13 in Conjurations
 19217 | Lair:2   | Offered knowledge of Irradiate by Vehumet.
 20097 | Lair:3   | Reached skill level 8 in Fighting
 20097 | Lair:3   | Reached XP level 14. HP: 69/84 MP: 26/32
 20516 | Lair:3   | Reached ***** piety under Vehumet
 20516 | Lair:3   | Offered knowledge of Bolt of Cold by Vehumet.
 20676 | Lair:3   | Found a hole to the Spider Nest.
 21146 | Lair:3   | Learned a level 6 spell: Bolt of Cold
 21377 | Lair:4   | Reached skill level 6 in Hexes
 21920 | Lair:4   | Reached skill level 11 in Dodging
 22331 | Lair:4   | Reached skill level 6 in Armour
 22376 | Lair:4   | Learned a level 4 spell: Olgreb's Toxic Radiance
 22732 | Lair:5   | Reached skill level 1 in Poison Magic
 22743 | Lair:5   | Reached skill level 9 in Fighting
 23264 | Lair:5   | Found a viscous altar of Jiyva.
 23264 | Lair:5   | Found a staircase to the Slime Pits.
 23416 | Lair:6   | Entered Level 6 of the Lair of Beasts
 23420 | Lair:6   | Reached skill level 2 in Poison Magic
 23951 | Lair:6   | Reached skill level 3 in Poison Magic
 24255 | Lair:6   | Offered knowledge of Spellforged Servitor by Vehumet.
 24616 | Lair:6   | Reached skill level 4 in Poison Magic
 24739 | Lair:6   | Reached skill level 12 in Dodging
 24745 | Lair:6   | Reached skill level 7 in Armour
 25221 | Lair:6   | Reached XP level 15. HP: 91/91 MP: 31/33
 25459 | Lair:6   | Reached skill level 5 in Poison Magic
 26219 | Orc:1    | Entered Level 1 of the Orcish Mines
 26307 | Orc:2    | Entered Level 2 of the Orcish Mines
 26488 | Orc:2    | Noticed an orc warlord
 26501 | Orc:2    | Killed an orc warlord
 26765 | Orc:2    | Reached skill level 10 in Fighting
 26993 | Orc:2    | Found a roughly hewn altar of Beogh.
 27233 | Orc:2    | Found a roughly hewn altar of Beogh.
 27649 | Orc:2    | Reached skill level 13 in Dodging
 27669 | Orc:2    | Reached skill level 8 in Armour
 27916 | Orc:2    | Reached ****** piety under Vehumet
 28126 | Orc:2    | Found a roughly hewn altar of Beogh.
 28127 | Orc:2    | Found Duxteer's Jewellery Shop.
 28180 | Orc:2    | Found a roughly hewn altar of Beogh.
 28221 | Orc:2    | Found a staircase to the Elven Halls.
 28268 | Orc:2    | Found a roughly hewn altar of Beogh.
 28452 | Orc:2    | Noticed an orc warlord
 28512 | Orc:1    | Offered knowledge of Bolt of Fire by Vehumet.
 28755 | Orc:2    | Killed an orc warlord
 29054 | Orc:2    | Found Jexug's Antique Weapon Shop.
 29054 | Orc:2    | Found a roughly hewn altar of Beogh.
 29056 | Orc:2    | Found Unwomeb's Antique Armour Boutique.
 29196 | Orc:2    | Found a roughly hewn altar of Beogh.
 29209 | Orc:2    | Found Ydefuk's Antique Armour Shop.
 29260 | Orc:2    | Bought an uncursed ring of magical power for 220 gold
                  | pieces
 29301 | Orc:2    | Bought a glowing cloak for 202 gold pieces
 29301 | Orc:2    | Bought a runed cloak for 202 gold pieces
 29301 | Orc:2    | Bought a pair of embroidered boots for 202 gold pieces
 29301 | Orc:2    | Bought a shield for 121 gold pieces
 29331 | Orc:2    | Identified a +1 pair of boots of running (You bought it in
                  | a shop on level 2 of the Orcish Mines)
 29334 | Orc:2    | Bought a runed robe for 99 gold pieces
 29427 | Orc:2    | Bought an embroidered robe for 96 gold pieces
 29455 | Orc:2    | Bought a steaming hand axe for 248 gold pieces
 29455 | Orc:2    | Identified the +3 hand axe "Atyagax" {drain, rC+} (You
                  | bought it in a shop on level 2 of the Orcish Mines)
 29702 | D:5      | Killed Borgoz's ghost
 29871 | D:6      | Bought a potion of invisibility for 112 gold pieces
 29871 | D:6      | Bought a potion of agility for 56 gold pieces
 29871 | D:6      | Bought a potion of invisibility for 112 gold pieces
 29915 | D:6      | Killed Stiffzip's ghost
 30329 | D:13     | Found a gate to the Vaults.
 30645 | D:13     | Noticed Snorg
 30650 | D:13     | Killed Snorg
 31353 | D:14     | Reached skill level 9 in Armour
 31359 | D:14     | Reached skill level 14 in Dodging
 31627 | D:14     | Reached skill level 11 in Fighting
 31825 | D:14     | Offered knowledge of Freezing Cloud by Vehumet.
 31844 | D:14     | Learned a level 6 spell: Freezing Cloud
 31973 | D:14     | Got a translucent copper ring
 32002 | D:14     | Identified the ring of Jogez {Fire rPois Int+3} (You found
                  | it on level 14 of the Dungeon)
 32042 | D:14     | Reached skill level 1 in Air Magic
 32043 | D:14     | HP: 46/94 [cyan ugly thing (14)]
 32045 | D:14     | Reached XP level 16. HP: 50/100 MP: 31/34
 32353 | D:14     | Found a transporter.
 32516 | D:14     | Found a transporter.
 32548 | D:15     | Entered Level 15 of the Dungeon
 32610 | D:15     | Reached skill level 2 in Air Magic
 32731 | D:15     | HP: 44/100 [yaktaur/bolt (9)]
 33187 | D:15     | Found a basalt altar of Yredelemnul.
 33188 | D:15     | Found a glowing golden altar of the Shining One.
 33188 | D:15     | Found a hazy altar of Hepliaklqana.
 33441 | D:15     | Reached skill level 3 in Air Magic
 33544 | D:15     | Found a staircase to the Depths.
 34051 | D:15     | Reached skill level 4 in Air Magic
 34224 | D:15     | Reached skill level 1 in Shields
 34228 | D:15     | HP: 42/100 [orc knight/+0 war axe (21)]
 34231 | D:15     | Identified the amulet of Moodiness {+Rage rElec Int+5}
 34241 | D:15     | HP: 38/100 [+0 flail of holy wrath (7)]
 34955 | D:15     | HP: 42/100 [frost giant/+1 battleaxe of freezing (30)]
 35254 | D:15     | Reached skill level 2 in Shields
 35348 | D:15     | HP: 46/100 [orc knight/+3 war axe (24)]
 35509 | D:15     | Offered knowledge of Ozocubu's Refrigeration by Vehumet.
 35575 | D:15     | Reached skill level 5 in Air Magic
 35958 | D:15     | Identified the +7 hand axe of Kuehies {chop, Dex+4}
 36097 | D:15     | Identified the Grimoire of the Aerial Oath
 36143 | D:15     | Reached skill level 3 in Shields
 36201 | D:15     | Learned a level 3 spell: Regeneration
 36798 | Swamp:1  | Entered Level 1 of the Swamp
 36850 | Swamp:1  | Reached skill level 1 in Necromancy
 37175 | Swamp:1  | Reached skill level 6 in Air Magic
 37359 | Swamp:1  | Reached skill level 13 in Spellcasting
 37404 | Swamp:1  | Offered knowledge of Conjure Ball Lightning by Vehumet.
 37410 | Swamp:1  | Reached skill level 2 in Necromancy
 37411 | Swamp:1  | Reached skill level 4 in Shields
 37502 | Swamp:1  | Learned a level 4 spell: Airstrike
 37621 | Swamp:1  | Reached skill level 10 in Armour
 37696 | Swamp:1  | Reached skill level 15 in Dodging
 37726 | Swamp:1  | Reached XP level 17. HP: 105/105 MP: 23/36
 37729 | Swamp:1  | Reached skill level 3 in Necromancy
 37929 | Swamp:1  | Noticed Roxanne
 37943 | Swamp:1  | Killed Roxanne
 38586 | Swamp:2  | Reached skill level 4 in Necromancy
 38976 | Swamp:2  | HP: 50/106 [hornet (12)]
 38981 | Swamp:2  | HP: 49/106 [poisoned by a hornet]
 38987 | Swamp:2  | HP: 39/106 [poisoned by a hornet]
 38995 | Swamp:2  | HP: 39/106 [poisoned by a hornet]
 39000 | Swamp:2  | HP: 39/106 [poisoned by a hornet]
 39280 | Swamp:2  | Reached skill level 5 in Necromancy
 39487 | Swamp:2  | Reached skill level 12 in Fighting
 40048 | Swamp:3  | Offered knowledge of Poison Arrow by Vehumet.
 40342 | Swamp:3  | Noticed a tentacled monstrosity
 40343 | Swamp:3  | Reached skill level 14 in Spellcasting
 40354 | Swamp:3  | Killed a tentacled monstrosity
 40517 | Swamp:3  | Learned a level 6 spell: Iron Shot
 40755 | Swamp:3  | Reached skill level 1 in Earth Magic
 40761 | Swamp:3  | Reached skill level 6 in Necromancy
 41140 | Swamp:4  | Entered Level 4 of the Swamp
 41185 | Swamp:4  | Reached skill level 2 in Earth Magic
 41328 | Swamp:4  | Reached skill level 4 in Charms
 41518 | Swamp:4  | Reached skill level 3 in Earth Magic
 41732 | Swamp:4  | Reached skill level 5 in Charms
 42423 | Swamp:4  | Offered knowledge of Glaciate by Vehumet.
 42423 | Swamp:4  | Offered knowledge of Chain Lightning by Vehumet.
 42423 | Swamp:4  | Offered knowledge of Ignition by Vehumet.
 42672 | Swamp:4  | Reached skill level 4 in Earth Magic
 42966 | Spider:1 | Entered Level 1 of the Spider Nest
 42979 | Spider:1 | Reached skill level 6 in Charms
 43124 | Spider:1 | HP: 52/108 [disintegration (39)]
 43243 | Spider:1 | Reached XP level 18. HP: 112/112 MP: 38/38
 43422 | Spider:1 | Reached skill level 15 in Spellcasting
 43431 | Spider:1 | Reached skill level 5 in Earth Magic
 43459 | Spider:1 | Reached skill level 16 in Dodging
 43814 | Spider:1 | Got a warped leather armour
 43819 | Spider:1 | Learned a level 2 spell: Blink
 43829 | Spider:1 | Identified the +3 leather armour of Catatonia {+Fly rC+
                  | MR+} (You found it on level 1 of the Spider Nest)
 44188 | Spider:2 | Found the +3 robe of Folly {Archmagi, MR-- Int+5}
 45171 | Spider:3 | Reached skill level 14 in Conjurations
 45237 | Spider:3 | Reached skill level 6 in Earth Magic
 45801 | Spider:4 | Entered Level 4 of the Spider Nest
 45804 | Spider:4 | Noticed Agnes
 45817 | Spider:3 | HP: 47/113 [Agnes/+0 lajatang (28)]
 45817 | Spider:3 | Killed Agnes
 45991 | Spider:3 | Reached skill level 13 in Ice Magic
 46308 | Spider:4 | Reached skill level 13 in Fighting
 47472 | Spider:4 | Noticed Arachne
 47491 | Spider:4 | HP: 56/114 [spark wasp (5)]
 47491 | Spider:4 | HP: 16/114 [spark wasp (22)]
 47496 | Spider:4 | HP: 8/114 [spark wasp/living lightning (5)]
 47565 | Spider:4 | Reached skill level 15 in Conjurations
 48590 | Spider:4 | Killed Arachne
 48590 | Spider:4 | Reached skill level 14 in Ice Magic
 48590 | Spider:4 | Reached XP level 19. HP: 118/119 MP: 31/40
 48591 | Spider:4 | Noticed Donald
 48593 | Spider:4 | Killed Donald
 48916 | Spider:4 | Got a gossamer rune of Zot
 49588 | Vaults:1 | Entered Level 1 of the Vaults
 49857 | D:6      | Bought 2 potions of haste for 280 gold pieces
 49857 | D:6      | Bought 2 potions of invisibility for 224 gold pieces
 50096 | Elf:1    | Entered Level 1 of the Elven Halls
 50457 | Elf:1    | Cast into level 3 of the Abyss (a deep elf sorcerer)
 50503 | Abyss:3  | Found an iron altar of Okawaru.
 50992 | Abyss:3  | Noticed a bone dragon
 50998 | Abyss:3  | Killed a bone dragon
 51002 | Elf:1    | Escaped the Abyss
 51010 | Elf:1    | HP: 43/120 [deep elf sorcerer/bolt of acid (24)]
 51011 | Elf:1    | HP: 13/120 [acid (12)]
 51018 | Elf:1    | HP: 34/180 [deep elf knight/+0 short sword (6)]
 51023 | Elf:1    | HP: 35/180 [poisoned by a deep elf mage]
 51028 | Elf:1    | HP: 44/180 [poisoned by a deep elf mage]
 51033 | Elf:1    | HP: 44/180 [poisoned by a deep elf mage]
 51039 | Elf:1    | HP: 45/180 [poisoned by a deep elf mage]
 51045 | Elf:1    | HP: 46/180 [poisoned by a deep elf mage]
 51466 | Elf:1    | Reached skill level 16 in Conjurations
 51637 | Elf:1    | Reached skill level 5 in Shields
 51719 | Elf:1    | Reached skill level 15 in Ice Magic
 51733 | Elf:1    | Noticed Aizul
 51746 | Elf:1    | Killed Aizul
 52272 | Elf:2    | Found Sakh's Distillery.
 52352 | Elf:2    | Reached skill level 6 in Shields
 52606 | Elf:2    | Found an ancient bone altar of Kikubaaqudgha.
 53039 | Elf:2    | Found a huge runed translucent gate.
 53039 | Elf:2    | Found a huge runed translucent gate.
 53039 | Elf:2    | Found a huge runed translucent gate.
 53040 | Elf:2    | Found a huge runed translucent gate.
 53041 | Elf:2    | Found a huge runed translucent gate.
 53246 | Elf:2    | Reached skill level 7 in Shields
 53603 | Elf:2    | Reached XP level 20. HP: 126/126 MP: 41/41
 53604 | Elf:2    | Reached skill level 14 in Fighting
 53980 | Elf:2    | Reached skill level 8 in Shields
 54237 | Elf:3    | Entered Level 3 of the Elven Halls
 54274 | Elf:3    | Found a frozen archway.
 54332 | IceCv    | Entered an ice cave
 55331 | Elf:3    | Reached skill level 9 in Shields
 56788 | Vaults:1 | Found Xiagh's Book Emporium.
 56879 | Vaults:1 | Reached skill level 10 in Shields
 57973 | Vaults:2 | Noticed Mennas
 58104 | Vaults:2 | Killed Mennas
 58374 | Vaults:2 | Found a ruined gateway.
 58377 | Vaults:2 | Reached skill level 11 in Shields
 58395 | Desolati | Entered the Desolation of Salt
 58566 | Desolati | Reached skill level 15 in Fighting
 58798 | Desolati | Got a bound garnet amulet
 58799 | Desolati | Identified the amulet "Heqoffet" {Gourm +Blink rPois Str+3}
                  | (You found it in the Desolation of Salt)
 58817 | Desolati | Reached XP level 21. HP: 110/134 MP: 42/42
 58873 | Desolati | Learned a level 9 spell: Glaciate
 59125 | Desolati | Reached skill level 12 in Shields
 59313 | Desolati | Identified the ring "Rylosh" {rF+ rC+ Dex+2 Stlth-}
 59325 | Desolati | Identified Hepobb's Incunabulum of the Frostbite and the
                  | Arsonist
 59847 | Desolati | Found the +3 Elemental Staff {rElec rF++ rC++ MR++ AC+5}
 62603 | Elf:3    | Reached skill level 17 in Conjurations
 62610 | Elf:3    | Reached skill level 16 in Ice Magic
 62610 | Elf:3    | Noticed Asterion
 62623 | Elf:3    | Killed Asterion
 62883 | Elf:3    | HP: 56/134 [deep elf blademaster/cursed -3 rapier (27)]
 63340 | Elf:3    | Identified the Grimoire of the Frostbite
 63466 | Elf:3    | Identified the ring "Fuocapu" {+Inv rPois Dex+5 Slay-3}
 63536 | Elf:3    | Identified the +6 flail of the Hand {drain, MP+9 Str+3}
 63562 | Elf:3    | Identified the Reference Book on Stones and the Frostbite
 63577 | Elf:3    | Identified the cursed +1 dagger "Yradd" {freeze, MR+} (You
                  | found it on level 3 of the Elven Halls)
 63603 | Elf:3    | Identified Sif Muna's Papyrus of Malediction
 63616 | Elf:3    | Identified the Guide on the Voyage and Cold
 63619 | Elf:3    | Got a transparent glass ring
 63620 | Elf:3    | Identified the ring "Liotid" {*Tele Stlth+} (You found it
                  | on level 3 of the Elven Halls)
 63827 | Elf:3    | Identified the +4 short sword "Heves" {pierce, *Rage MR+
                  | Int+4} (You found it on level 3 of the Elven Halls)
 64266 | Vaults:3 | Found a shadowy altar of Dithmenos.
 64580 | Vaults:3 | Learned a level 1 spell: Apportation
 64862 | Vaults:3 | Reached skill level 18 in Conjurations
 64862 | Vaults:3 | Reached XP level 22. HP: 140/140 MP: 40/43
 64869 | Vaults:3 | Reached skill level 17 in Ice Magic
 65414 | Vaults:3 | Reached skill level 17 in Dodging
 65621 | Vaults:3 | Found a staircase to the Crypt.
 66836 | Vaults:4 | Reached skill level 18 in Ice Magic
 67096 | Vaults:4 | Reached skill level 18 in Dodging
 67586 | Vaults:4 | Noticed Margery
 67614 | Vaults:4 | HP: 69/140 [Margery/fireball (20)]
 67618 | Vaults:4 | HP: 7/140 [Margery/fireball (36)]
 67619 | Vaults:4 | Killed from afar by Margery

Vanquished Creatures
  Mennas (Vaults:2)
  A bone dragon (Abyss:3)
  Arachne (Spider:4)
  Rupert (D:12)
  A tentacled monstrosity (Swamp:3)
  An Ice Fiend (IceCv)
  4 deep elf blademasters (Elf:3)
  4 deep elf master archers (Elf:3)
  A sphinx (Vaults:3)
  3 thorn hunters
  Agnes (Spider:3)
  Donald (Spider:4)
  3 fire giants
  Roxanne (Swamp:1)
  4 deep elf sorcerers
  4 frost giants
  4 ghost moths (Spider:4)
  An iron dragon (D:15)
  6 vault wardens
  2 imperial myrmidons (Desolation)
  Aizul (Elf:1)
  2 orc warlords (Orc:2)
  8 ironheart preservers
  3 emperor scorpions
  2 ghouls (Vaults:3)
  A deep elf elementalist (Elf:3)
  A very ugly thing (D:15)
  5 entropy weavers
  4 stone giants
  8 deep elf annihilators
  4 deep elf demonologists
  2 halazid warlocks (Desolation)
  A spark wasp (Spider:4)
  Snorg (D:13)
  An ettin (shapeshifter) (D:15)
  5 fire dragons
  6 deep elf death magi
  4 crystal guardians
  A yaktaur captain (Vaults:1)
  2 deep elf high priests (Elf:3)
  8 ragged hierophants (Desolation)
  Fannar (Lair:2)
  9 peacekeepers (Desolation)
  2 ice dragons
  7 servants of whispers (Desolation)
  3 great orbs of eyes
  3 rakshasas
  2 shambling mangroves (Swamp:2)
  Harold (D:7)
  2 catoblepae
  21 hydras
  A ghost crab (Swamp:3)
  7 vault guards
  8 centaur warriors
  19 alligators
  9 ogre magi
  35 dancing weapons
  A queen ant (Spider:1)
  31 two-headed ogres
  A death knight (D:12)
  9 death yaks
  2 deep troll shamans (Vaults:3)
  2 tengu warriors (D:13)
  4 orc high priests
  A thrashing horror (Abyss:3)
  2 deep troll earth magi
  27 deep elf knights
  A fire crab (Lair:4)
  2 wretched stars (Abyss:3)
  3 hell knights (Vaults:4)
  2 death drakes (shapeshifter)
  18 deep elf archers
  6 unseen horrors
  8 wizards
  2 spriggan druids
  12 ironbrand convokers
  7 deep trolls
  7 swamp dragons
  5 starcursed masses (Abyss:3)
  A glowing orange brain (shapeshifter) (D:13)
  13 orc knights
  4 lindwurms
  A harpy (shapeshifter) (D:13)
  4 harpies
  2 glowing orange brains
  4 phantasmal warriors
  5 large abominations (Abyss:3)
  10 orc sorcerers
  28 ugly things
  25 orb spiders
  A wolf spider zombie (D:15)
  63 deep elf magi
  38 wolf spiders
  A cyclops (shapeshifter) (D:15)
  A worldbinder (Abyss:3)
  A necromancer (Vaults:4)
  11 cyclopes
  5 manticores
  The ghost of Stiffzip the Slinger, a novice HaHu of Ashenzari (D:6)
  3 moths of wrath
  3 elephants (Lair:4)
  6 guardian serpents
  8 vault sentinels
  12 black mambas
  5 toenail golems (Volcano)
  4 ice statues (IceCv)
  5 gargoyles
  A torpor snail (Spider:4)
  A smoke demon (Abyss:3)
  A molten gargoyle (Desolation)
  24 spiny frogs
  A hellion (Abyss:3)
  3 rime drakes
  2 kobold demonologists (D:14)
  24 yaktaurs
  15 komodo dragons
  The ghost of Borgoz the Cudgeler, a novice GrMo (D:5)
  8 demonic crawlers
  8 freezing wraiths
  A golden dragon simulacrum (IceCv)
  An ancient zyme (Abyss:3)
  3 anaconda simulacra (IceCv)
  8 ice devils (IceCv)
  2 redback zombies (D:15)
  A troll (shapeshifter) (D:13)
  34 jumping spiders
  2 polar bears (shapeshifter)
  2 hornets (shapeshifter) (Vaults:1)
  7 trolls
  29 hornets
  13 tyrant leeches
  21 slime creatures
  56 saltlings (Desolation)
  6 raiju (Abyss:3)
  9 bog bodies
  2 hippogriffs (shapeshifter)
  12 blink frogs
  8 hippogriffs
  71 redbacks
  13 spriggans
  A wraith (Vaults:1)
  3 ynoxinuls (Abyss:3)
  2 water elementals
  4 air elementals
  37 yaks
  31 tarantellas
  A yak (shapeshifter) (Vaults:4)
  A shadow (Swamp:2)
  4 fire bats (D:9)
  10 wyverns
  5 fire elementals
  A hog (shapeshifter) (Vaults:3)
  A chaos spawn (Abyss:3)
  2 neqoxecs (Abyss:3)
  Eustachio (D:6)
  3 basilisks
  6 hungry ghosts
  16 vampire mosquitoes
  4 steam dragons
  5 harpy simulacra
  9 wargs
  Menkaure (D:6)
  13 insubstantial wisps
  27 soldier ants
  7 small abominations (Abyss:3)
  13 swamp worms
  15 water moccasins
  6 acid dragons
  4 porcupines
  A hydra simulacrum (IceCv)
  A hell hound (D:9)
  4 sky beasts
  A black bear (shapeshifter) (Vaults:4)
  49 orc warriors
  An ettin simulacrum (IceCv)
  12 swamp drakes
  4 necrophages
  3 phantoms
  7 ice beasts
  32 ogres
  5 boggarts (Vaults:3)
  7 centaurs
  10 wolves
  8 crocodiles
  3 big kobolds
  Blork the orc (D:5)
  16 bullfrogs
  6 earth elementals
  A wyvern skeleton (D:14)
  7 scorpions
  A wight (D:12)
  5 electric eels
  7 howler monkeys
  6 crimson imps
  5 centaur zombies
  3 lava snakes
  6 quasits
  4 jellies
  2 bullfrog skeletons
  5 bullfrog zombies
  12 hounds
  22 orc priests
  4 centaur skeletons
  31 orc wizards
  12 iguanas
  28 worker ants
  A mummy (D:12)
  A hound skeleton (D:5)
  2 worker ant zombies
  14 adders
  2 shadow imps
  A white imp (Abyss:3)
  2 ufetubi (Abyss:3)
  2 oozes (D:3)
  An adder zombie (D:8)
  A worm (D:2)
  6 dart slugs
  6 leopard geckos
  143 orcs
  7 bats
  5 giant cockroaches
  12 goblins
  12 hobgoblins
  22 jackals
  5 quokkas
  2 ball pythons (D:3)
  3 frilled lizards
  16 kobolds
  A quokka skeleton (D:4)
  5 rats
  3 fire vortices (D:9)
  A fungus (D:15)
  2 pillars of salt (Vaults:2)
  7 plants
1903 creatures vanquished.

Vanquished Creatures (collateral kills)
  Asterion (Elf:3)
  A two-headed ogre (Orc:1)
  A troll (Orc:1)
  A small abomination (Abyss:3)
  2 orc warriors (Orc:1)
6 creatures vanquished.

Vanquished Creatures (others)
  A deep elf knight (Elf:1)
  A deep elf archer (Elf:2)
  2 yaks (Lair:6)
  A steam dragon (Swamp:4)
  3 swamp drakes (Swamp:4)
  An orc (Elf:1)
  A briar patch (Swamp:4)
  8 fungi
  A pillar of salt (Vaults:2)
  12 plants
31 creatures vanquished.

Grand Total: 1940 creatures vanquished

Table legend:
 A = Turns spent in this place as a percentage of turns spent in the entire game.
 B = Non-inter-level travel turns spent in this place as a percentage of non-inter-level travel turns spent in the entire game.
 C = Inter-level travel turns spent in this place as a percentage of turns spent in this place.
 D = Turns resting spent in this place as a percentage of non-inter-level travel turns spent in this place.
 E = Turns spent auto-exploring this place as a percentage of non-inter-level travel turns spent in this place.
 F = Non-inter-level travel turns spent in this place divided by the number of levels of this place that you've seen.
                   A       B       C       D       E      F
               +-------+-------+-------+-------+-------+----------------------
         Total | 100.0 | 100.0 |   7.8 |  48.3 |  37.8 | 1449.7
       Dungeon |  37.9 |  36.7 |  10.8 |  50.5 |  37.4 | 1524.4
        Temple |   0.2 |   0.1 |  49.4 |   0.0 |  97.6 |  85.0
          Lair |  12.3 |  12.6 |   6.1 |  45.7 |  43.3 | 1306.8
         Swamp |   9.0 |   9.3 |   4.7 |  51.1 |  38.6 | 1451.0
   Spider Nest |   9.5 |  10.0 |   3.0 |  46.7 |  35.9 | 1565.5
  Orcish Mines |   5.6 |   4.9 |  19.0 |  48.2 |  34.8 | 1523.5
   Elven Halls |   8.9 |   8.8 |   8.5 |  48.1 |  35.7 | 1829.0
        Vaults |  10.1 |  10.6 |   3.4 |  39.3 |  48.9 | 1654.8
         Abyss |   0.8 |   0.9 |   0.0 |  56.1 |   0.0 | 545.0
      Ice Cave |   1.1 |   1.2 |   0.0 |  64.4 |  22.0 | 773.0
       Volcano |   1.0 |   1.0 |   0.0 |  51.0 |  25.2 | 643.0
    Desolation |   3.5 |   3.8 |   0.0 |  52.5 |  18.1 | 2363.0
               +-------+-------+-------+-------+-------+----------------------
